AoeStats
← Majesty

Arena

507108960Analyzed
4v4 RM · 17d ago on Sep 16, 2026· 50m 9s· 8 players
Game mode
Random Map
Map size
Large (8 player)
Population
200
Speed
Normal
Resources
Standard
Victory
Conquest
Starting age
Dark Age
Ending age
Imperial Age
RankedLock teamsTeams togetherTeam positionsShared explorationLock speedFull tech treeHidden civsTurbo modeCheats
Victory
Defeat
🇷🇺 Slavs · Russia
1641
+12
🇧🇾 Koreans · Belarus
1631
+12
🇫🇮 Ethiopians · Finland
1578
+14
🇧🇾 Persians · Belarus
1551
+14
🇫🇷 Poles · France
2052
-30
🇹🇷 Gurjaras · Türkiye
1405
-8
🇹🇷 Dravidians · Türkiye
1369
-7
🇹🇷 Mapuche · Türkiye
1350
-7
thaebS
11:06 Feudal Age
14:44 Castle Age
12:32 Horse Collar
12:40 Double-Bit Axe
15:46 Heavy Plow
16:02 Bow Saw
20:11 Loom
24:42 Wheelbarrow
27:45 Hand Cart
30:38 Imperial Age
27:54 Town Watch
28:23 Gold Mining
28:24 Stone Mining
28:58 Forging
29:12 Town Patrol
29:17 Scale Mail Armor
29:08 Fletching
31:31 Gold Shaft Mining
31:33 Iron Casting
31:13 Chain Mail Armor
30:54 Bodkin Arrow
31:00 Halberdier
31:40 Squires
31:26 Arson
31:03 Elite Skirmisher
31:48 Thumb Ring
32:46 Chemistry
32:49 Two-Man Saw
32:57 Torsion Engines
33:37 Conscription
34:21 Blast Furnace
33:23 Bracer
34:20 Stone Shaft Mining
34:15 Siege Engineers
34:28 Heavy Scorpion
35:56 Masonry
36:07 Ballistics
36:19 Plate Mail Armor
38:54 Architecture
38:35 Fortified Wall
38:40 Capped Ram
38:48 Capped Ram
38:57 Onager
40:02 Padded Archer Armor
40:03 Siege Ram
42:10 Murder Holes
42:06 Guard Tower
42:34 Leather Archer Armor
42:25 Scale Barding Armor
50:37 Royal Heirs
49:58 Elite Shotel Warrior
PromoART
10:09 Feudal Age
10:58 Loom
14:41 Castle Age
14:14 Double-Bit Axe
14:10 Horse Collar
15:28 Gold Mining
16:29 Scale Barding Armor
20:35 Chain Barding Armor
28:15 Bow Saw
31:39 Wheelbarrow
34:38 Imperial Age
32:47 Hand Cart
32:18 Town Watch
33:22 Forging
34:07 Heavy Plow
34:46 Iron Casting
34:12 Husbandry
34:23 Bloodlines
34:18 Heavy Camel Rider
35:37 Plate Barding Armor
35:27 Stone Mining
37:19 Blast Furnace
37:22 Caravan
36:53 Cavalier
39:57 Savar
43:33 Conscription
47:48 Hoardings
[RUS-F]Believe_me
8:36 Loom
10:37 Feudal Age
16:02 Castle Age
14:46 Double-Bit Axe
15:41 Horse Collar
18:39 Bow Saw
25:14 Wheelbarrow
29:26 Imperial Age
27:39 Hand Cart
28:51 Fletching
29:05 Pikeman
30:00 Scale Mail Armor
30:01 Halberdier
30:43 Squires
31:03 Chain Mail Armor
31:15 Conscription
31:01 Gold Mining
33:08 Chemistry
34:03 Plate Mail Armor
33:56 Bodkin Arrow
34:37 Ballistics
34:22 Crossbowman
34:23 Elite Skirmisher
35:41 Heavy Plow
36:17 Gold Shaft Mining
35:33 Stone Mining
35:44 Bracer
35:28 Arbalester
37:26 Stone Shaft Mining
37:10 Thumb Ring
38:22 Guilds
38:32 Eupseong
38:47 Masonry
41:11 Elite War Wagon
41:26 Elite Skirmisher
46:21 Forging
46:22 Siege Engineers
46:05 Arrowslits
46:52 Architecture
46:03 Treadmill Crane
[RUS-F]vov_chesn
10:49 Feudal Age
12:45 Double-Bit Axe
15:01 Castle Age
13:30 Horse Collar
16:09 Bow Saw
21:42 Bloodlines
24:50 Wheelbarrow
24:38 Bloodlines
29:41 Imperial Age
27:47 Hand Cart
27:54 Scale Barding Armor
28:00 Forging
27:53 Loom
28:21 Husbandry
29:08 Gold Mining
30:07 Heavy Plow
30:39 Chain Barding Armor
29:48 Cavalier
31:47 Iron Casting
32:10 Conscription
32:31 Gold Shaft Mining
33:15 Plate Barding Armor
33:41 Two-Man Saw
33:53 Crop Rotation
35:02 Blast Furnace
33:53 Stone Mining
34:20 Scale Mail Armor
34:11 Light Cavalry
34:53 Fletching
34:29 Pikeman
35:10 Squires
35:33 Halberdier
37:22 Detinets
37:40 Chain Mail Armor
37:28 Capped Ram
38:41 Coinage
39:01 Plate Mail Armor
38:07 Man-at-Arms
38:30 Siege Ram
39:13 Caravan
39:10 Bodkin Arrow
39:15 Padded Archer Armor
39:17 Hussar
40:27 Long Swordsman
41:15 Two-Handed Swordsman
42:18 Druzhina
42:23 Champion
44:40 Chemistry
44:00 Ballistics
45:24 Town Watch
48:04 Banking
48:54 Masonry
48:56 Fortified Wall
49:15 Elite Boyar
50:31 Hoardings
RoR | FloDuFive
8:17 Feudal Age
7:11 Loom
13:13 Double-Bit Axe
16:50 Horse Collar
22:29 Castle Age
24:03 Bow Saw
23:55 Heavy Plow
28:33 Wheelbarrow
28:39 Stone Mining
28:40 Gold Mining
31:37 Scale Barding Armor
31:43 Forging
34:28 Imperial Age
32:51 Stone Shaft Mining
32:15 Fletching
32:27 Padded Archer Armor
33:15 Ballistics
33:06 Masonry
32:55 Bodkin Arrow
33:20 Hand Cart
33:30 Fortified Wall
33:46 Thumb Ring
33:01 Crossbowman
34:07 Leather Archer Armor
34:49 Town Watch
36:10 Chemistry
35:16 Siege Engineers
35:34 Conscription
35:21 Bracer
34:59 Arbalester
35:43 Town Patrol
36:17 Crop Rotation
37:39 Szlachta Privileges
38:19 Elite Skirmisher
40:44 Forging
40:54 Chain Barding Armor
40:34 Light Cavalry
41:15 Husbandry
41:25 Bloodlines
41:40 Lechitic Legacy
42:39 Iron Casting
41:49 Winged Hussar
44:40 Blast Furnace
43:53 Masonry
43:15 Cavalier
43:24 Cavalier
Cakalavcisi
11:26 Feudal Age
15:44 Castle Age
14:11 Double-Bit Axe
14:09 Horse Collar
16:44 Wheelbarrow
17:07 Heavy Plow
17:24 Bow Saw
22:15 Gold Mining
23:22 Heavy Plow
24:13 Gold Shaft Mining
25:31 Loom
26:03 Hand Cart
25:46 Loom
29:49 Imperial Age
27:44 Forging
28:19 Scale Barding Armor
28:04 Loom
29:30 Iron Casting
29:27 Chain Barding Armor
29:52 Heavy Camel Rider
31:08 Plate Barding Armor
31:44 Husbandry
31:55 Bloodlines
32:49 Frontier Guards
36:49 Siege Elephant
46:44 Stone Mining
46:31 Light Cavalry
48:26 Crop Rotation
DarkPaladin
11:05 Feudal Age
15:48 Castle Age
14:39 Horse Collar
14:46 Double-Bit Axe
17:32 Bow Saw
17:27 Heavy Plow
19:52 Wheelbarrow
19:48 Gold Mining
28:11 Imperial Age
25:48 Loom
28:35 Fletching
28:45 Padded Archer Armor
28:39 Elite Bolas Rider
29:20 Bodkin Arrow
30:37 Ballistics
31:18 Chemistry
31:34 Leather Archer Armor
32:54 Malon
34:01 Conscription
34:30 Ring Archer Armor
Majesty
10:33 Feudal Age
15:45 Castle Age
13:52 Fletching
15:47 Double-Bit Axe
16:05 Crossbowman
17:24 Wheelbarrow
24:28 Horse Collar
24:39 Pikeman
30:27 Forging
31:45 Iron Casting
34:23 Imperial Age
32:03 Scale Mail Armor
33:15 Squires
34:24 Halberdier
35:41 Iron Casting
35:25 Chain Mail Armor
35:48 Fortified Wall
35:32 Elite Skirmisher
39:21 Chemistry
38:04 Man-at-Arms
38:30 Gambesons
39:22 Iron Casting
39:18 Plate Mail Armor
39:56 Bow Saw
41:13 Blast Furnace
40:10 Bodkin Arrow
40:02 Loom
40:33 Hand Cart
43:30 Conscription
44:05 Wootz Steel
47:25 Arbalester
Connection lost

Rejoining the realm…

Still unreachable

The connection could not be restored.

Session expired

The server has moved on; the page needs a fresh start.